 Dungeon Crawl Stone Soup version 0.29-a0-321-gf1c400731a (webtiles) character file.

Game seed: 14011260224197270554

1672 hellse the Cleaver (level 8, 0/87 HPs)
             Began as a Demonspawn Gladiator on Apr 3, 2022.
             Was an Initiate of Qazlal.
             Succumbed to a gnoll's poison
             ... on level 6 of the Dungeon on Apr 4, 2022.
             The game lasted 00:08:03 (6454 turns).

hellse the Cleaver (Demonspawn Gladiator)           Turns: 6454, Time: 00:08:04

Health: 0/87       AC:  8    Str: 17    XL:     8   Next: 70%
Magic:  3/8        EV: 11    Int:  9    God:    Qazlal [......]
Gold:   248        SH:  6    Dex: 15    Spells: 7/7 levels left

rFire   . . .      SeeInvis .   a - +0 war axe
rCold   . . .      Faith    .   (no shield)
rNeg    . . .      Spirit   +   j - +0 ring mail
rPois   .          Reflect  .   c - +0 helmet
rElec   .          Harm     .   k - +0 cloak
rCorr   .          Rampage  .   (gloves unavailable)
Will    .....                   m - +0 pair of boots
Stlth   ..........              l - amulet of guardian spirit
HPRegen 0.24/turn               n - ring of flight
MPRegen 0.11/turn               (no ring)

@: brilliant, berserking, lethally poisoned (0 -> -11), flying, very quick
A: large bone plates 2, demonic guardian 1, demonic touch 3
a: Renounce Religion


You were on level 6 of the Dungeon.
You worshipped Qazlal.
Qazlal was noncommittal.
You visited 2 branches of the dungeon, and saw 7 of its levels.

You collected 255 gold pieces.
You spent 7 gold pieces at shops.

Inventory:

Hand Weapons
 a - a +0 war axe (weapon)
 B - a +0 mace of protection
Missiles
 d - 3 throwing nets (quivered)
 e - a javelin
Armour
 b - a +0 leather armour
 c - a +0 helmet (worn)
 f - a +2 pair of gloves of stealth
 j - a +0 ring mail (worn)
 k - a +0 cloak (worn)
 m - a +0 pair of boots (worn)
Jewellery
 i - a ring of ice
 l - an amulet of guardian spirit (around neck)
 n - a ring of flight (left hand)
 t - an amulet of reflection
Wands
 o - a wand of polymorph (1)
 y - a wand of mindburst (9)
Scrolls
 g - 5 scrolls of identify
 h - 2 scrolls of teleportation
 u - 2 scrolls of silence
 w - a scroll of enchant armour
 x - a scroll of torment
 z - a scroll of enchant weapon {unknown}
Potions
 p - a potion of berserk rage
 q - a potion of degeneration
 r - a potion of haste
 s - a potion of attraction {unknown}
 v - a potion of brilliance
 A - a potion of magic


   Skills:
 + Level 3.3 Fighting
 - Level 10.3 Axes
 - Level 1.7 Throwing
 - Level 2.6 Dodging


You had 7 spell levels left.
You didn't know any spells.
Your spell library contained the following spells:

 Spells                   Type           Power      Damage    Failure   Level
 Freeze                   Ice            0%         1d3       58%         1
 Corpse Rot               Necr/Air       0%         N/A       75%         2
 Ensorcelled Hibernation  Hex/Ice        0%         N/A       75%         2
 Dazzling Flash           Conj/Hex       0%         N/A       92%         3
 Frozen Ramparts          Ice            0%         1d2       92%         3
 Spider Form              Tmut/Pois      0%         N/A       92%         3
 Anguish                  Hex/Necr       0%         N/A       100%        4
 Dispel Undead            Necr           0%         3d6       100%        4
 Hailstorm                Conj/Ice       0%         3d3       100%        4
 Iskenderun's Mystic Bla  Conj/Tloc      0%         2d3       100%        4
 Death Channel            Necr           0%         N/A       100%        6
 Starburst                Conj/Fire      0%         6d3       100%        6


Dungeon Overview and Level Annotations

Branches:
Dungeon (6/15)             Temple (1/1) D:5

Altars:
Ashenzari
Cheibriados
Dithmenos
Elyvilon
Fedhas
Gozag
Hepliaklqana
Kikubaaqudgha
Makhleb
Nemelex Xobeh
Okawaru
Qazlal
Ru
Sif Muna
Trog
Uskayaw
Wu Jian
Xom
Yredelemnul
Zin
The Shining One

Shops:
D:4 *

Annotations:
D:1 dig


Innate Abilities, Weirdness & Mutations

You are mostly covered in large bone plates. (SH +6)
A weak demonic guardian rushes to your aid.
Your touch may irresistibly damage your foes and sap their willpower.


Message History

You feel sick. You block the gnoll shaman's attack.
The gnoll closely misses you.
The gnoll hits you from afar with a +2 spear of venom.
You are more poisoned.
* * * LOW HITPOINT WARNING * * *
You feel very sick.
The gnoll shaman attacks as you move away!
The gnoll shaman barely misses you.
* * * LOW HITPOINT WARNING * * *
You feel very sick.
* * * LOW HITPOINT WARNING * * *
You feel very sick.
It was a potion of brilliance.
You feel clever all of a sudden.
You feel sick.
The gnoll hits you from afar with a +0 spear.
* * * LOW HITPOINT WARNING * * *
A demonic guardian appears!
It was a potion of magic.
Magic courses through your body.
* * * LOW HITPOINT WARNING * * *
You feel sick.
The gnoll shaman hits you with a +0 whip.
* * * LOW HITPOINT WARNING * * *
You block the gnoll's attack. The gnoll barely misses you.
It was a potion of berserk rage.
A red film seems to cover your vision as you go berserk!
You feel yourself moving faster!
You feel mighty!
* * * LOW HITPOINT WARNING * * *
You feel sick.
The gnoll shaman mumbles some strange prayers to its god.
The gnoll shaman is healed somewhat.
The gnoll hits you from afar with a +2 spear of venom.
You are more poisoned.
The gnoll hits you but does no damage.
Unknown command.
Unknown command.
You feel a strong urge to attack something.
* * * LOW HITPOINT WARNING * * *
You feel sick. The gnoll shaman barely misses you.
You die...

##....... .....# ...
........###....
..................#
..............))..##
#.... ##.....)...#.
#...###....Y........
.##.....#>..g.......#.
...........5..........
.........@.gg.........
.......<###†....<....#
......................
#...................##
#..................##
........?..........#
..........#.##.....
>......n..#.. ##..
.......##.. ##


You could see an ice beast, a gnoll shaman (ally target), 2 gnolls and a
friendly iron imp (summoned).

Vanquished Creatures
  Sigmund (D:3)
  2 steam dragons
  2 water moccasins (D:5)
  Duvessa (D:5)
  A black bear (D:4)
  2 ogres (D:5)
  2 necrophages
  2 scorpions
  Dowan (D:5)
  A howler monkey (D:3)
  An orc priest (D:3)
  4 iguanas
  Natasha (thrice) (D:3)
  3 gnolls (D:6)
  2 adders
  An ufetubus (D:4)
  3 dart slugs
  7 orcs
  6 ball pythons
  3 endoplasms
  3 giant cockroaches
  6 goblins
  6 hobgoblins
  10 jackals
  3 quokkas
  A bat (D:3)
  4 frilled lizards
  6 kobolds
  3 rats
90 creatures vanquished.

Vanquished Creatures (collateral kills)
  A giant cockroach (D:4)
  A jackal (D:4)
2 creatures vanquished.

Grand Total: 92 creatures vanquished

Notes
Turn   | Place    | Note
-------+----------+-------------------------------------------
     0 | D:1      | hellse the Demonspawn Gladiator began the quest for the
                  | Orb.
     0 | D:1      | Reached XP level 1. HP: 16/16 MP: 1/1
    76 | D:1      | Reached skill level 3 in Axes
   103 | D:1      | Gained mutation: Your touch may inflict minor irresistible
                  | damage on your foes. [demonic ancestry]
   103 | D:1      | Reached XP level 2. HP: 18/22 MP: 2/2
   818 | D:2      | Gained mutation: Your touch may inflict irresistible damage
                  | on your foes. [demonic ancestry]
   818 | D:2      | Reached XP level 3. HP: 9/27 MP: 3/3
   829 | D:2      | Reached skill level 4 in Axes
  1102 | D:2      | Found a faded altar of an unknown god.
  1584 | D:3      | Noticed an ogre
  1612 | D:3      | Gained mutation: A weak demonic guardian rushes to your
                  | aid. [demonic ancestry]
  1612 | D:3      | Reached XP level 4. HP: 13/33 MP: 4/4
  1894 | D:4      | Identified a scroll of acquirement
  1894 | D:4      | Acquired a +2 pair of gloves of stealth
  1933 | D:4      | Noticed a necrophage
  1942 | D:4      | Killed a necrophage
  1943 | D:4      | Reached skill level 5 in Axes
  1943 | D:4      | Gained mutation: You are partially covered in large bone
                  | plates. (SH +4) [demonic ancestry]
  1943 | D:4      | Reached XP level 5. HP: 38/38 MP: 5/5
  1943 | D:4      | Found Couvios's CLEARANCE SALE!.
  1963 | D:4      | Bought a scroll of silence for 7 gold pieces
  2029 | D:4      | Noticed a black bear
  2041 | D:4      | Killed a black bear
  2042 | D:4      | Reached skill level 6 in Axes
  2042 | D:4      | Gained mutation: You are mostly covered in large bone
                  | plates. (SH +6) [demonic ancestry]
  2042 | D:4      | Reached XP level 6. HP: 12/44 MP: 0/6
  2093 | D:4      | Noticed a steam dragon
  2279 | D:4      | HP: 2/44 [steam dragon (3)]
  2582 | D:4      | Killed a steam dragon
  2820 | D:4      | Reached skill level 7 in Axes
  3233 | D:4      | Found a shimmering blue altar of Sif Muna.
  3355 | D:3      | Noticed Sigmund
  3711 | D:3      | Reached XP level 7. HP: 33/50 MP: 4/7
  3725 | D:3      | Killed Sigmund
  3726 | D:3      | Reached skill level 8 in Axes
  3995 | D:3      | Noticed Natasha
  4000 | D:3      | Killed Natasha
  4178 | D:3      | Noticed Natasha
  4188 | D:3      | Killed Natasha
  4257 | D:3      | Noticed Natasha
  4263 | D:3      | Killed Natasha
  4455 | D:5      | Entered Level 5 of the Dungeon
  4625 | D:5      | Noticed Duvessa
  4628 | D:5      | Noticed Dowan
  4634 | D:5      | Killed Duvessa
  4635 | D:5      | Reached skill level 9 in Axes
  4635 | D:5      | Gained mutation: Your touch may irresistibly damage your
                  | foes and sap their willpower. [demonic ancestry]
  4635 | D:5      | Reached XP level 8. HP: 20/56 MP: 8/8
  5018 | D:5      | Killed Dowan
  5477 | D:5      | Found a staircase to the Ecumenical Temple.
  5527 | D:5      | Reached skill level 10 in Axes
  5530 | Temple   | Entered the Ecumenical Temple
  5963 | Temple   | Became a worshipper of Qazlal Stormbringer
  6452 | D:6      | HP: 3/87 [poisoned by a gnoll]
  6453 | D:6      | HP: 1/87 [poisoned by a gnoll]
  6454 | D:6      | Succumbed to a gnoll's poison

Illustrated notes

Levels and vault maps discovered:
D:1:      lightli_arrival_lavapool, layout_rooms, due_unseen_surprise
D:2:      minmay_alternating_diamond, layout_rooms, basic_ecumenical_altar,
          kennysheep_generic_room_12
D:3:      layout_basic, uniq_sigmund, uniq_natasha
D:4:      layout_basic, lemuel_coloured_pillars_altar, nicolae_shop_clearance
D:5:      layout_loops_ring, minmay_temple_entry_wispy, uniq_duvessa
D:6:      layout_cave_pools, nicolae_vehumet_altar_sigil
Temple:   mainiacjoe_temple_big_plus

Skill      XL: |  1  2  3  4  5  6  7  8 |
---------------+-------------------------+-----
Axes           | 3 4 5 6 7 9 10 | 10.3
Fighting       | 3 |  3.3
Throwing       | |  1.7
Dodging        | |  2.6

Action                   |  1- 3 |  4- 6 |  7- 9 || total
-------------------------+-------+-------+-------++-------
Melee: War axe           |    73 |    75 |   114 ||   262
       Touch             |     8 |    12 |    24 ||    44
       Punch             |       |       |     1 ||     1
Throw: Javelin           |       |     1 |       ||     1
  Use: Scroll            |       |     5 |     4 ||     9
       Potion            |       |       |     8 ||     8
Armor: Leather armour    |     9 |       |       ||     9
       Ring mail         |    28 |    36 |    51 ||   115
Dodge: Dodged            |    58 |    55 |    43 ||   156
Block: Other             |       |    21 |    34 ||    55

Table legend: (Time is in decaauts)
 A = Elapsed time spent in this place.
 B = Non-inter-level travel time spent in this place.
 C = Inter-level travel time spent in this place.
 D = Time resting spent in this place.
 E = Time spent auto-exploring this place.
 F = Levels seen in this place.
 G = Mean time per level.
                   A        B        C        D        E       F      G
               +--------+--------+--------+--------+--------+-----+--------+
         Total |   6496 |   6002 |    494 |   1076 |   4003 |   7 |  928.0 |
       Dungeon |   6025 |   5582 |    443 |   1076 |   3590 |   6 | 1004.2 |
        Temple |    471 |    420 |     51 |      0 |    413 |   1 |  471.0 |
               +--------+--------+--------+--------+--------+-----+--------+

Top non-repeatable levels by time:
     D:3: 1658 daAuts
     D:4: 1350 daAuts
     D:5: 1332 daAuts
     D:2: 1105 daAuts
     D:1: 519 daAuts
  Temple: 471 daAuts
     D:6: 57 daAuts
